 Dungeon Crawl Stone Soup version 0.22.1-1-ga44c0e56f4 (webtiles) character file.

19015 Narretz the Martial Artist (level 12, -3/106 HPs)
             Began as a Demigod Transmuter on Nov 3, 2018.
             Slain by a five-headed hydra (5 damage)
             ... on level 1 of the Lair of Beasts.
             The game lasted 01:59:35 (18427 turns).

Narretz the Martial Artist (Demigod Transmuter)    Turns: 18427, Time: 01:59:35

Health: -3/106     AC:  7    Str: 15    XL:     12   Next: 6%
Magic:  26/29      EV: 14    Int: 19    God:
Gold:   1379       SH:  0    Dex: 20    Spells: 8/29 levels left

rFire    . . .     SeeInvis .     - Unarmed
rCold    + + +     Gourm    .   (shield currently unavailable)
rNeg     . . .     Faith    .   (armour currently unavailable)
rPois    +         Spirit   .   (helmet currently unavailable)
rElec    .         Reflect  .   (cloak currently unavailable)
rCorr    .         Harm     .   (gloves currently unavailable)
MR       +....                  (boots currently unavailable)
Stlth    ++........             (no amulet)
HPRegen  0.27/turn              t - ring of protection from fire
MPRegen  0.21/turn              X - ring of flight

@: ice-form
A: large, high mp 1
a: End Transformation, Evoke Flight


You were on level 1 of the Lair of Beasts.
You were very hungry.
You were a creature of crystalline ice.
You visited 3 branches of the dungeon, and saw 16 of its levels.
You also visited: Ossuary.

You collected 1379 gold pieces.

Inventory:

Hand Weapons
 j - a +0 hunting sling
Missiles
 a - 56 arrows
 u - 6 silver javelins
 F - 109 sling bullets
 I - 25 tomahawks (quivered)
Armour
 b - a +0 robe
 r - a +0 pair of gloves (melded)
 A - a +0 leather armour
 B - a +2 cloak (melded)
 J - a +2 helmet of see invisible (melded)
 O - a +3 troll leather armour (melded)
Magical Staves
 U - an uncursed staff of power
Jewellery
 t - a ring of protection from fire (left front paw)
 D - an uncursed ring of magical power
 S - an uncursed ring of see invisible
 X - a ring of flight (right front paw)
Wands
 c - a wand of disintegration (22)
 e - a wand of polymorph (18)
 m - a wand of enslavement (10)
 n - a wand of flame (20)
 G - a wand of iceblast (15)
 K - a wand of paralysis (7)
 Y - a wand of scattershot (6)
Scrolls
 f - 6 scrolls of enchant weapon
 h - a scroll of fear
 k - 3 scrolls of amnesia {unknown}
 q - 3 scrolls of magic mapping
 v - 2 scrolls of random uselessness
 x - 4 scrolls of remove curse
 C - a scroll of blinking {unknown}
 L - 2 scrolls of torment
 M - a scroll of acquirement {unknown}
 N - a scroll of immolation {unknown}
 P - 2 scrolls of vulnerability {unknown}
 W - a scroll of fog {unknown}
Potions
 g - a potion of mutation
 i - a potion of curing
 s - 3 potions of might
 w - 2 potions of ambrosia
 z - 5 potions of magic
 E - 4 potions of flight {unknown}
 H - 3 potions of invisibility {unknown}
 R - 4 potions of haste {unknown}
 T - 4 potions of lignification {unknown}
 V - a potion of resistance
Miscellaneous
 Q - a phantom mirror
Comestibles
 d - 21 rations


   Skills:
 * Level 3.3 Fighting
 - Level 0.1(1.2) Slings
 - Level 2.2 Throwing
 + Level 3.1 Armour
 * Level 6.3 Dodging
 - Level 10.1 Unarmed Combat
 + Level 9.1 Spellcasting
 + Level 1.2 Charms
 - Level 1.3 Translocations
 - Level 9.5 Transmutations
 * Level 2.6 Ice Magic
 + Level 1.6 Poison Magic
 + Level 0.4 Evocations


You had 8 spell levels left.
You knew the following spells:

 Your Spells              Type           Power        Failure   Level  Hunger
a - Beastly Appendage     Tmut           #####.       1%          1    None
b - Sticks to Snakes      Tmut           #####...     1%          2    None
c - Spider Form           Tmut/Pois      ####......   2%          3    None
d - Blade Hands           Tmut           #####.....   4%          5    #####..
e - Ice Form              Ice/Tmut       ####....     7%          4    ###....
f - Apportation           Tloc           ##....       4%          1    None
g - Ozocubu's Armour      Chrm/Ice       ###.....     11%         3    None
h - Blink                 Tloc           N/A          7%          2    None

Your spell library contained the following spells:

 Spells                   Type           Power        Failure   Level  Hunger
 Freeze                   Ice            ###.         2%          1    None
 Throw Frost              Conj/Ice       ##....       8%          2    None
 Animate Skeleton         Necr           N/A          9%          1    None
 Confusing Touch          Hex            #.....       9%          1    None
 Magic Dart               Conj           #...         9%          1    None
 Summon Small Mammal      Summ           #...         9%          1    None
 Call Imp                 Summ           #.......     12%         2    None
 Slow                     Hex            #.......     12%         2    None
 Mephitic Cloud           Conj/Pois/Air  ##......     21%         3    None
 Conjure Flame            Conj/Fire      #.......     24%         3    None
 Summon Ice Beast         Ice/Summ       ##......     43%         4    ###....
 Throw Icicle             Conj/Ice       ##......     43%         4    ###....


Dungeon Overview and Level Annotations

Branches:
Dungeon (12/15)            Temple (0/1) D:6            Lair (2/6) D:10
  Swamp (0/4) Lair:2          Orc (2/2) D:10
  Snake: Lair:2-4    Spider: Lair:2-4       Elf: Orc:2

Shops:
D:8 (

Annotations:
D:4 exclusion: orc wizard
D:9 exclusions: downstairs and ogre
D:10 exclusion: orange crystal statue
D:11 exclusion: 2 downstairs
Lair:1 exclusions: 7 doors, 2 downstairs and 3 more exclusions
Lair:2 !hydra


Innate Abilities, Weirdness & Mutations

You have an increased reservoir of magic. (+10% MP)


Message History

You feel less perceptive.
You are feeling very hungry.
The five-headed hydra bites you! x2
The five-headed hydra closely misses you.
The five-headed hydra bites you!
The five-headed hydra barely misses you.
You hit the five-headed hydra. You freeze the five-headed hydra.
The five-headed hydra is lightly wounded.
The five-headed hydra bites you! x2
The five-headed hydra bites you but does no damage.
The five-headed hydra bites you. The five-headed hydra bites you!
The five-headed hydra bites you.
* * * LOW HITPOINT WARNING * * *
The five-headed hydra bites you!
* * * LOW HITPOINT WARNING * * *
The five-headed hydra closely misses you.
The five-headed hydra bites you!!
* * * LOW HITPOINT WARNING * * *
The five-headed hydra bites you.
You die...

#'#.# ###..## ####..# ..###
###..# #.....# .## ####P##'######
#..##P# '####
#..........#.#####.##### ....#
####..........#.........# ....#
#..+...................### ....#
##....<.....>#............
....####..#......D..##........###
...(+....#......Y...########.##
....#######.#.+PP##..# ### ...[#
####.####### #..## #..# #..##
###.####### ....# #......)..#
....### #........## ....'.#
#.........# ####
.[..P.#####........###########...


You could see a five-headed hydra.

Vanquished Creatures
  A two-headed ogre (D:11)
  3 skeletal warriors
  An elephant (D:10)
  6 spiny frogs
  A black mamba (Lair:1)
  An efreet (D:12)
  A jumping spider (Lair:2)
  6 trolls
  2 hippogriffs
  A redback (Lair:2)
  15 yaks
  A human (D:7)
  A basilisk (D:10)
  3 hogs (D:7)
  2 hungry ghosts
  A warg (Orc:1)
  4 water moccasins
  Duvessa (D:7)
  2 porcupines (Lair:2)
  11 orc warriors
  2 black bears
  A hornet zombie (D:8)
  2 sky beasts (D:7)
  An ice beast (D:6)
  2 phantoms
  11 ogres
  4 centaurs
  5 crocodiles
  3 big kobolds (D:10)
  7 bullfrogs
  A wyvern zombie (D:9)
  3 gnoll sergeants (D:10)
  5 water moccasin zombies (Ossuary)
  3 scorpions
  Dowan (D:7)
  4 killer bees (D:11)
  9 wights
  5 howler monkeys
  2 crimson imps
  A bullfrog zombie (D:6)
  6 orc priests
  2 bullfrog skeletons (D:5)
  2 hounds
  2 jellies
  A centaur zombie (D:6)
  8 orc wizards
  Crazy Yiuf (D:3)
  A centaur skeleton (D:7)
  2 iguanas
  3 worker ants
  A killer bee zombie (D:6)
  2 big kobold zombies (Ossuary)
  A hound skeleton (D:6)
  2 mummies (Ossuary)
  A worker ant zombie (D:9)
  5 gnolls
  8 adders
  A shadow imp (D:9)
  7 adder zombies
  An adder skeleton (D:9)
  3 leopard geckos
  56 orcs
  3 giant cockroaches
  6 gnoll zombies (Ossuary)
  8 goblins
  9 hobgoblins
  15 jackals
  4 quokkas
  A ball python (D:3)
  5 bats
  5 frilled lizards
  4 hobgoblin zombies (Ossuary)
  A jackal zombie (D:6)
  13 kobolds
  6 kobold zombies (Ossuary)
  A leopard gecko skeleton (D:6)
  An orc zombie (Ossuary)
  A quokka skeleton (D:6)
  3 rats
  2 fungi (D:3)
340 creatures vanquished.

Vanquished Creatures (collateral kills)
  A two-headed ogre (D:8)
  A cyclops (D:11)
  A wolf spider (Lair:2)
  Psyche (D:11)
  A hog (D:7)
  2 orc warriors
  A centaur (D:7)
  A wight (D:7)
  3 orc wizards (D:6)
  2 orc priests (D:7)
  A centaur skeleton (D:6)
  A hound zombie (D:6)
  A hound skeleton (D:10)
  Robin (D:3)
  An adder (D:2)
  A shadow imp (D:4)
  2 worms (D:2)
  5 orcs
  A bat (D:3)
  2 jackals (D:5)
30 creatures vanquished.

Vanquished Creatures (others)
  A fungus (Lair:1)
  5 plants (Lair:1)
6 creatures vanquished.

Grand Total: 376 creatures vanquished

Notes
Turn   | Place    | Note
-------+----------+-------------------------------------------
     0 | D:1      | Narretz the Demigod Transmuter began the quest for the Orb.
     0 | D:1      | Reached XP level 1. HP: 15/15 MP: 5/5
   267 | D:1      | Reached skill level 1 in Fighting
   279 | D:1      | Reached skill level 3 in Unarmed Combat
   715 | D:1      | Reached XP level 2. HP: 18/23 MP: 5/7
   851 | D:1      | Learned a level 2 spell: Sticks to Snakes
  1624 | D:2      | Reached XP level 3. HP: 25/28 MP: 3/8
  1920 | D:2      | Found a hide-covered altar of Uskayaw.
  2045 | D:2      | Noticed a water elemental
  2048 | D:2      | Found a stormy altar of Qazlal.
  2053 | D:2      | Noticed an air elemental
  2053 | D:2      | Noticed an earth elemental
  2053 | D:2      | Noticed a fire elemental
  2562 | D:3      | Found a glowing golden altar of the Shining One.
  2608 | D:3      | Reached XP level 4. HP: 35/35 MP: 8/10
  2849 | D:3      | Noticed a phantom
  2888 | D:3      | Killed a phantom
  2888 | D:3      | Reached skill level 4 in Unarmed Combat
  2888 | D:3      | Reached XP level 5. HP: 27/40 MP: 11/11
  3285 | D:3      | Noticed Robin
  3291 | D:3      | Killed Robin
  3538 | D:3      | Found a runed door.
  3542 | D:3      | Noticed Crazy Yiuf
  3557 | D:3      | Killed Crazy Yiuf
  3633 | D:4      | Learned a level 3 spell: Spider Form
  3837 | D:4      | Found a shadowy altar of Dithmenos.
  3905 | D:4      | Noticed an ogre
  4108 | D:5      | Entered Level 5 of the Dungeon
  4306 | D:5      | Reached XP level 6. HP: 43/47 MP: 13/13
  4618 | D:5      | Found a sand-covered staircase.
  4624 | Ossuary  | Entered an ossuary
  4952 | Ossuary  | Reached skill level 5 in Unarmed Combat
  5044 | Ossuary  | Reached XP level 7. HP: 53/53 MP: 15/15
  6129 | D:4      | Found a basalt altar of Yredelemnul.
  6147 | D:4      | Reached skill level 1 in Throwing
  6147 | D:4      | Reached skill level 6 in Unarmed Combat
  7015 | D:6      | Found a staircase to the Ecumenical Temple.
  7049 | D:6      | Reached XP level 8. HP: 51/61 MP: 17/17
  7109 | D:6      | Got an encrusted flail
  7451 | D:6      | Identified the +6 flail of Ytutiptu {venom, Fragile rC-
                  | rN+++ Dex+6} (You found it on level 6 of the Dungeon)
  7586 | D:7      | Found a flagged portal.
  7660 | D:7      | Noticed Dowan
  7684 | D:7      | Reached skill level 5 in Transmutations
  7688 | D:7      | Killed Dowan
  7688 | D:7      | Reached skill level 5 in Spellcasting
  7900 | D:7      | Noticed Duvessa
  7911 | D:7      | Noticed a hippogriff
  7939 | D:7      | Killed a hippogriff
  8169 | D:7      | Killed Duvessa
  8647 | D:7      | Found a white marble altar of Elyvilon.
  8823 | D:7      | Reached XP level 9. HP: 35/67 MP: 20/20
  8979 | D:7      | Reached skill level 7 in Unarmed Combat
  9347 | D:7      | Reached skill level 1 in Poison Magic
  9703 | D:8      | Found Wauk's Antique Weapon Shoppe.
  9762 | D:8      | Learned a level 5 spell: Blade Hands
 10359 | D:9      | Noticed a two-headed ogre
 10753 | D:8      | Reached skill level 8 in Unarmed Combat
 10863 | D:8      | Killed a two-headed ogre
 10863 | D:8      | Reached XP level 10. HP: 65/74 MP: 24/24
 11085 | D:9      | Found a snail-covered altar of Cheibriados.
 11086 | D:9      | Found a shattered altar of Ashenzari.
 11089 | D:9      | Found a blossoming altar of Fedhas.
 11341 | D:9      | Found a bloodstained altar of Trog.
 11355 | D:10     | Entered Level 10 of the Dungeon
 11391 | D:10     | Learned a level 4 spell: Ice Form
 11594 | D:10     | Found a staircase to the Lair.
 11594 | D:10     | Noticed an elephant
 11719 | D:10     | Found a staircase to the Orcish Mines.
 11789 | D:10     | Reached skill level 1 in Armour
 11923 | D:10     | Killed an elephant
 12097 | D:10     | Noticed an orange crystal statue
 12392 | D:10     | Reached skill level 5 in Dodging
 12566 | D:9      | Learned a level 1 spell: Apportation
 12612 | Lair:1   | Entered Level 1 of the Lair of Beasts
 12826 | D:11     | Noticed a cyclops
 13056 | D:11     | Reached skill level 9 in Unarmed Combat
 13137 | D:11     | Noticed Psyche
 13142 | D:11     | Killed Psyche
 13370 | D:11     | Noticed a two-headed ogre
 13380 | D:11     | Killed a two-headed ogre
 13533 | D:11     | Reached XP level 11. HP: 73/81 MP: 27/27
 14494 | D:12     | Noticed a skeletal warrior
 14735 | D:12     | Noticed a skeletal warrior
 14752 | D:12     | Noticed a skeletal warrior
 14845 | D:12     | Noticed a skeletal warrior
 14902 | D:11     | Killed a skeletal warrior
 14902 | D:11     | Reached skill level 1 in Ice Magic
 15382 | D:12     | Killed a skeletal warrior
 15464 | D:12     | Noticed a skeletal warrior
 15474 | D:12     | Killed a skeletal warrior
 15799 | Orc:1    | Entered Level 1 of the Orcish Mines
 15836 | Orc:1    | Learned a level 3 spell: Ozocubu's Armour
 15983 | Orc:2    | Entered Level 2 of the Orcish Mines
 16267 | Orc:2    | Noticed a two-headed ogre
 16491 | Lair:1   | Reached skill level 10 in Unarmed Combat
 16552 | Lair:1   | Noticed a seven-headed hydra
 16578 | Lair:1   | Learned a level 2 spell: Blink
 17570 | Lair:2   | Noticed a four-headed hydra
 17718 | Lair:2   | Reached skill level 1 in Charms
 17861 | Lair:2   | HP: 4/98 [redback (13)]
 17862 | Lair:2   | Reached XP level 12. HP: 4/89 MP: 18/29
 18130 | Lair:2   | Found a staircase to the Swamp.
 18321 | Lair:2   | Reached skill level 1 in Translocations
 18391 | Lair:2   | Noticed a five-headed hydra
 18427 | Lair:1   | HP: 2/106 [five-headed hydra (18)]
 18427 | Lair:1   | Slain by a five-headed hydra

Skill      XL: |  1  2  3  4  5  6  7  8  9 10 11 12 |
---------------+-------------------------------------+-----
Fighting       | 1 2 3 |  3.3
Unarmed Combat | 3 4 5 6 8 9 10 | 10.1
Transmutations | 2 3 4 5 6 8 9 |  9.5
Spellcasting   | 2 3 4 5 6 7 8 9 |  9.1
Dodging        | 2 3 4 5 6 |  6.3
Throwing       | 1 2 |  2.2
Poison Magic   | 1 |  1.6
Armour         | 2 3 |  3.1
Ice Magic      | 2 |  2.6
Charms         | 1 |  1.2
Translocations | 1 |  1.3
Slings         | |  0.1
Evocations     | |  0.4

Action                   |  1- 3 |  4- 6 |  7- 9 | 10-12 || total
-------------------------+-------+-------+-------+-------++-------
Melee: Unarmed           |   154 |   206 |   399 |   487 ||  1246
       Kick              |    30 |    70 |   105 |    32 ||   237
       Punch             |     1 |     2 |    11 |    21 ||    35
       Headbutt          |     1 |       |       |       ||     1
 Fire: Hunting sling     |     5 |     5 |       |       ||    10
Throw: Stone             |    11 |     1 |       |       ||    12
       Javelin           |       |    15 |     8 |       ||    23
       Tomahawk          |       |       |    15 |    24 ||    39
 Cast: Beastly Appendage |    29 |    27 |    41 |    20 ||   117
       Sticks to Snakes  |     8 |    10 |    56 |    28 ||   102
       Spider Form       |       |       |    18 |     3 ||    21
       Blade Hands       |       |       |     4 |    45 ||    49
       Apportation       |       |       |       |     3 ||     3
       Ozocubu's Armour  |       |       |       |    14 ||    14
       Ice Form          |       |       |       |     5 ||     5
       Blink             |       |       |       |     1 ||     1
Evoke: Wand              |       |       |     8 |     9 ||    17
  Use: Scroll            |     4 |       |     8 |    16 ||    28
       Potion            |       |       |     8 |    11 ||    19
 Stab: Sleeping          |     3 |     1 |     1 |     1 ||     6
       Distracted        |       |       |     4 |     1 ||     5
  Eat: Chunk             |     7 |     6 |    12 |    16 ||    41
       Ration            |       |     1 |     3 |     6 ||    10
Armor: Robe              |    42 |    35 |    82 |       ||   159
       Troll leather arm |       |       |    28 |   129 ||   157
       Skin              |       |       |     2 |     4 ||     6
Dodge: Dodged            |   113 |   101 |   299 |   358 ||   871
